 Dungeon Crawl Stone Soup version 0.26-a0-259-g1effd001a9 (webtiles) character file.

Game seed: 5131317437539746101

104780 pounipop the Impaler (level 15, -5/145 HPs)
             Began as a Minotaur Berserker on July 23, 2020.
             Was a Priest of Trog.
             Slain by a shambling mangrove (20 damage)
             ... on level 1 of the Swamp.
             The game lasted 02:24:49 (36694 turns).

pounipop the Impaler (Minotaur Berserker)          Turns: 36694, Time: 02:24:50

Health: -5/145     AC: 29    Str: 29    XL:     15   Next: 92%
Magic:  14/14      EV:  7    Int:  4    God:    Trog [***...]
Gold:   1729       SH: 14    Dex: 11    Spells: 14/14 levels left

rFire    + . .     SeeInvis +   w - +2 trident (protect)
rCold    . . .     Faith    +   O - +0 tower shield
rNeg     . . .     Spirit   .   d - +3 plate armour {rPois}
rPois    +         Reflect  .   (helmet restricted)
rElec    .         Harm     .   B - +0 cloak {rCorr}
rCorr    +                      g - +0 pair of gloves
MR       +....                  E - +0 pair of boots
Stlth    ..........             A - amulet "Soavvuic" {Faith Fragile Str+2 SInv}
HPRegen  0.34/turn              h - ring of protection from fire
MPRegen  0.14/turn              u - +4 ring of protection

@: about to teleport, grasped by roots, berserk cooldown, very slightly
contaminated, slowed, constricted, very slow
A: retaliatory headbutt, horns 2
a: Berserk, Trog's Hand, Renounce Religion


You were on level 1 of the Swamp.
You worshipped Trog.
Trog was most pleased with you.
You were full.

You visited 4 branches of the dungeon, and saw 24 of its levels.

You collected 2431 gold pieces.
You spent 702 gold pieces at shops.

Inventory:

Hand Weapons
 v - the +4 dire flail "Jedysk" {venom, rElec rF+}
   (You took it off a two-headed ogre on level 10 of the Dungeon)

   It poisons the flesh of those it strikes.
   It protects you from fire.
   It insulates you from electricity.
 w - a +2 trident of protection (weapon)
Armour
 d - a +3 plate armour of poison resistance (worn)
 g - a +0 pair of gloves (worn)
 j - +0 fire dragon scales
 y - a +0 plate armour
 B - a +0 cloak of preservation (worn)
 E - a +0 pair of boots (worn)
 O - a +0 tower shield (worn)
Jewellery
 h - a ring of protection from fire (left hand)
 u - a +4 ring of protection (right hand)
 A - the amulet "Soavvuic" (around neck) {Faith Fragile Str+2 SInv}
   (You found it on level 5 of the Dungeon)

   [amulet of faith]

   It allows you to gain divine favour quickly.
   It affects your strength (+2).
   It lets you see invisible.
   It will be destroyed if unequipped.
 F - an uncursed ring of protection from cold
Wands
 b - a wand of random effects (65)
 n - a wand of acid (8)
 x - a wand of flame (45)
 z - a wand of disintegration (22)
 H - a wand of enslavement (3)
 W - a wand of polymorph (6)
Scrolls
 f - 5 scrolls of magic mapping
 p - 3 scrolls of remove curse
 C - a scroll of enchant weapon
 D - 7 scrolls of identify
 G - a scroll of brand weapon {unknown}
 U - 3 scrolls of fear
Potions
 a - 11 potions of curing
 i - a potion of invisibility
 k - a potion of flight
 l - a potion of degeneration {unknown}
 m - 2 potions of ambrosia
 o - a potion of cancellation
 r - 2 potions of resistance
 t - 3 potions of might
Miscellaneous
 q - a lightning rod (4/4)
Comestibles
 c - 49 rations


   Skills:
 * Level 16.7 Fighting
 * Level 16.8 Polearms
 * Level 16.5 Armour
 * Level 15.5 Dodging
 - Level 0.1 Stealth
 * Level 1.1 Shields


You had 14 spell levels left.
You didn't know any spells.
Your spell library was empty.

Dungeon Overview and Level Annotations

Branches:
Dungeon (15/15)            Temple (0/1) D:7            Lair (6/6) D:8
  Swamp (1/4) Lair:2        Snake (0/4) Lair:4        Slime (0/5) Lair:6
    Orc (2/2) D:10            Elf (0/3) Orc:2        Vaults (0/5) D:13
 Depths (0/5) D:15

Altars:
Ashenzari
Elyvilon
Gozag
Nemelex Xobeh
Qazlal
Sif Muna
Trog
Vehumet
The Shining One
Beogh

Shops:
D:7 (   D:10 %   D:13 =   Orc:2 [:*(

Portals:
Trove: D:12 (give +7 demon blade)

Annotations:
D:5 2 transporters
D:7 3 runed translucent doors, pulvazza's ghost, novice DsGl
D:14 Roxanne
Lair:4 exclusion: oklob plant


Innate Abilities, Weirdness & Mutations

You reflexively headbutt those who attack you in melee.
You have a pair of horns on your head.


Message History

Roots burst forth from the earth!
The grasping roots grab you!
* * * LOW HITPOINT WARNING * * *
The grasping roots constrict you!
As you read the scroll of teleportation, it crumbles to dust.
You feel strangely unstable.
You block the vampire mosquito's attack.
The vampire mosquito closely misses you.
You block the vampire mosquito's attack.
The vampire mosquito bites you!
* * * LOW HITPOINT WARNING * * *
The vampire mosquito draws strength from your injuries!
The vampire mosquito bites you but does no damage. x2
Your two-headed ogre hits the hornet with a +0 giant club!!
Your two-headed ogre hits the hornet with a +0 giant spiked club!!!
The hornet dies!
Trog accepts your kill.
The vampire mosquito bites you but does no damage. x3
You block the vampire mosquito's attack.
You die...

≈≈≈.≈≈≈≈≈≈.♣♣≈≈≈..♣.
≈≈.≈≈≈≈....<...≈≈≈≈≈.♣..
≈.≈[≈≈≈≈≈≈.††≈.......≈.♣
§.≈..≈≈≈≈≈♣♣≈♣♣♣♣♣♣♣...♣
≈..≈.≈...♣ ♣≈♣ ♣♣..♣
.≈.§≈..≈≈♣ ≈≈≈ ♣♣.♣
.≈≈§≈≈.≈≈♣≈≈≈≈♣ ♣.♣
.≈≈≈.yyy≈♣≈♣≈≈♣ ♣.♣
.≈...≈f@y♣♣♣≈♣♣ ♣.♣
.≈≈≈§≈≈yy.♣♣♣♣ ♣..
≈.≈≈≈≈≈≈.$♣.♣♣♣♣ ♣♣.≈
≈≈≈≈♣.≈≈≈≈...♣.♣♣♣♣♣♣§..
≈.≈ ♣.≈≈≈≈O♣..≈........≈
♣≈ ♣≈...≈≈≈≈≈..........
≈ ♣♣.≈≈≈f.≈≈..#.###.##.
♣..≈≈≈≈†≈♣..#..#.....
≈.≈≈♣≈≈.≈^..#.....÷#.


You could see 2 shambling mangroves, 2 hornets, 4 vampire mosquitoes and a
friendly two-headed ogre (summoned, berserk).

Vanquished Creatures
  Rupert (Lair:3)
  A frost giant (D:15)
  An orc warlord (Orc:2)
  2 stone giants
  Snorg (D:10)
  A great orb of eyes (D:15)
  3 yaktaur captains (D:15)
  An ogre mage (D:15)
  The ghost of Qetiusk the Blocker, a journeyman GnFi (D:10)
  7 hydras
  8 centaur warriors
  11 two-headed ogres
  2 orc high priests (Orc:2)
  2 alligators (Swamp:1)
  Urug (Lair:3)
  A tengu warrior (D:15)
  4 death yaks (Lair:4)
  Sonja (Orc:2)
  A fire crab (Lair:6)
  2 skeletal warriors
  A flayed ghost (D:15)
  3 unseen horrors
  5 orc knights
  A phantasmal warrior (D:12)
  4 deep elf magi
  A lindwurm (Lair:6)
  A harpy (D:15)
  3 orc sorcerers
  5 cyclopes
  2 ugly things (D:15)
  3 manticores
  An oklob plant (Lair:2)
  6 black mambas
  3 molten gargoyles (Lair:6)
  5 cane toads
  A kobold demonologist (D:15)
  Maggie (Lair:2)
  9 komodo dragons
  2 yaktaurs (D:15)
  2 rime drakes
  An efreet (D:15)
  A redback zombie (D:15)
  A komodo dragon (shapeshifter) (D:15)
  2 queen bees
  2 tengu conjurers
  2 meliai (D:13)
  A polar bear (Lair:5)
  6 trolls
  14 blink frogs
  6 slime creatures
  A harpy skeleton (D:13)
  7 hippogriffs
  39 yaks
  5 wyverns
  A shadow (D:15)
  3 wraiths
  A vampire (D:12)
  7 basilisks
  A golden eye (shapeshifter) (D:12)
  2 steam dragons (Lair:6)
  Menkaure (D:7)
  2 swamp worms (Swamp:1)
  A naga (Lair:4)
  14 water moccasins
  2 acid dragons (D:15)
  3 hell hounds (Lair:6)
  5 porcupines
  Duvessa (D:7)
  28 orc warriors
  Purgy (D:3)
  4 swamp drakes (Swamp:1)
  7 sky beasts
  An ice beast (D:11)
  6 phantoms
  2 black bears
  4 necrophages
  2 boggarts
  2 centaurs
  15 ogres
  23 wolves
  6 crocodiles
  9 big kobolds
  24 bullfrogs
  A gnoll sergeant (D:12)
  Dowan (D:7)
  A wyvern skeleton (D:9)
  2 scorpions
  42 killer bees
  11 wights
  A howler monkey (D:5)
  4 centaur zombies
  3 lava snakes (Lair:6)
  2 bullfrog zombies (D:5)
  A quasit (D:11)
  9 jellies
  3 hounds
  A bullfrog skeleton (D:13)
  18 orc priests
  15 orc wizards
  2 centaur skeletons
  4 worker ants
  A killer bee zombie (D:10)
  A hound zombie (D:10)
  3 hound skeletons
  2 mummies (D:10)
  A howler monkey skeleton (D:11)
  3 worker ant zombies
  A gnoll (D:12)
  14 adders
  A shadow imp (D:6)
  5 white imps
  An ufetubus (D:8)
  5 oozes
  An adder skeleton (D:6)
  A worm (D:4)
  A dart slug (D:1)
  6 leopard geckos
  73 orcs
  5 bats
  7 giant cockroaches
  12 goblins
  17 hobgoblins
  19 jackals
  7 quokkas
  3 ball pythons
  9 frilled lizards
  37 kobolds
  2 rats
736 creatures vanquished.

Vanquished Creatures (collateral kills)
  A tengu reaver (D:15)
  A very ugly thing (D:15)
  2 ettins (D:15)
  2 fire dragons
  3 hydras
  A centaur warrior (D:15)
  A death knight (D:12)
  2 ogre magi
  5 two-headed ogres
  An orc high priest (Orc:2)
  A skeletal warrior (D:12)
  A deep elf mage (D:15)
  An orc knight (D:15)
  4 ugly things
  An orc sorcerer (Orc:2)
  A cyclops (D:8)
  A centaur zombie (D:13)
  A black mamba (Lair:3)
  2 gargoyles
  A centaur skeleton (D:13)
  A kobold demonologist (D:15)
  2 freezing wraiths
  A meliai (D:13)
  A hippogriff (Lair:3)
  A hornet (Swamp:1)
  A centaur simulacrum (D:15)
  A shadow (D:15)
  3 yaks (D:12)
  A wyvern (Lair:6)
  A vampire mosquito (D:15)
  A warg (Orc:2)
  4 orc warriors
  4 ogres
  A crocodile (D:15)
  2 big kobolds
  Blork the orc (D:6)
  3 bullfrogs
  2 killer bees (D:10)
  A lava snake (Lair:6)
  2 orc priests
  A bullfrog skeleton (D:13)
  An iguana (D:13)
  2 orc wizards
  A worker ant (D:12)
  2 gnolls (D:12)
  A white imp (D:6)
  2 ufetubi
  5 orcs
  3 kobolds
85 creatures vanquished.

Vanquished Creatures (others)
  A bullfrog (D:15)
  An orc (D:10)
  6 fungi
  2 plants
10 creatures vanquished.

Grand Total: 831 creatures vanquished

Notes
Turn   | Place    | Note
-------+----------+-------------------------------------------
     0 | D:1      | pounipop the Minotaur Berserker began the quest for the
                  | Orb.
     0 | D:1      | Reached XP level 1. HP: 19/19 MP: 0/0
   341 | D:1      | Reached XP level 2. HP: 15/27 MP: 1/1
   933 | D:1      | Reached XP level 3. HP: 33/33 MP: 2/2
  1625 | D:2      | Reached ** piety under Trog
  1727 | D:2      | Found a shimmering blue altar of Sif Muna.
  1907 | D:2      | Reached XP level 4. HP: 41/41 MP: 3/3
  1990 | D:2      | Found a sparkling altar of Nemelex Xobeh.
  1991 | D:2      | Found a transporter.
  2215 | D:3      | Noticed Purgy
  2733 | D:3      | Killed Purgy
  2733 | D:3      | Reached skill level 5 in Fighting
  2733 | D:3      | Reached skill level 5 in Polearms
  2733 | D:3      | Reached XP level 5. HP: 48/48 MP: 4/4
  2840 | D:3      | Reached *** piety under Trog
  3042 | D:3      | Reached XP level 6. HP: 53/56 MP: 5/5
  3624 | D:4      | Found a radiant altar of Vehumet.
  3688 | D:4      | Reached XP level 7. HP: 62/62 MP: 6/6
  3825 | D:5      | Entered Level 5 of the Dungeon
  3864 | D:5      | Found a transporter.
  3865 | D:5      | Noticed a centaur warrior
  3867 | D:5      | Found a transporter.
  3877 | D:5      | Found a white marble altar of Elyvilon.
  3914 | D:5      | Reached skill level 5 in Armour
  3980 | D:5      | Got a smoking silver amulet
  4049 | D:5      | Reached skill level 5 in Dodging
  4417 | D:5      | Identified the amulet "Soavvuic" {Faith Fragile Str+2 SInv}
                  | (You found it on level 5 of the Dungeon)
  4480 | D:6      | Reached **** piety under Trog
  4597 | D:6      | Reached XP level 8. HP: 70/71 MP: 7/7
  4691 | D:6      | Noticed Blork the orc
  4696 | D:6      | Killed Blork the orc
  5199 | D:7      | Found Ostreysox's Weapon Emporium.
  5203 | D:7      | Noticed Duvessa
  5208 | D:7      | Noticed Dowan
  5220 | D:7      | Killed Duvessa
  5222 | D:7      | Killed Dowan
  5396 | D:7      | Got a warped leather armour
  5407 | D:7      | Identified the cursed +1 leather armour of Maezo {rN+} (You
                  | found it on level 7 of the Dungeon)
  5427 | D:7      | Found a runed translucent gate.
  5428 | D:7      | Found a runed translucent gate.
  5429 | D:7      | Found a runed translucent gate.
  5485 | D:7      | Reached XP level 9. HP: 81/81 MP: 8/8
  5651 | D:7      | Found a staircase to the Ecumenical Temple.
  5729 | D:7      | Noticed Menkaure
  5736 | D:7      | Killed Menkaure
  5786 | D:7      | Noticed pulvazza's ghost (novice DsGl)
  5901 | D:8      | Noticed a cyclops
  5912 | D:8      | Killed a cyclops
  6160 | D:8      | Reached ***** piety under Trog
  6577 | D:8      | Noticed a queen bee
  6586 | D:8      | Killed a queen bee
  6757 | D:8      | Found a staircase to the Lair.
  6824 | D:8      | Reached XP level 10. HP: 90/91 MP: 9/9
  7044 | D:8      | Noticed a gargoyle
  7054 | D:8      | Killed a gargoyle
  7332 | D:8      | Identified the Volume of Moulding and Displacement
  7737 | D:9      | Reached skill level 10 in Fighting
  7737 | D:9      | Reached skill level 10 in Polearms
  7937 | D:9      | Noticed a brown ugly thing
  7943 | D:9      | Killed a brown ugly thing
  8101 | D:9      | Noticed a two-headed ogre
  8111 | D:9      | Killed a two-headed ogre
  8111 | D:9      | Reached skill level 10 in Armour
  8660 | D:10     | Entered Level 10 of the Dungeon
  8664 | D:10     | Reached XP level 11. HP: 101/101 MP: 10/10
  8730 | D:10     | Noticed Snorg
  8752 | D:10     | Killed Snorg
  9165 | D:10     | Received a gift from Trog
  9242 | D:10     | Reached skill level 10 in Dodging
  9779 | D:10     | Found a roughly hewn altar of Beogh.
  9779 | D:10     | Found a staircase to the Orcish Mines.
  9959 | D:10     | Found Eshroop's Food Shoppe.
  9993 | D:10     | Found a transporter.
  9993 | D:10     | Noticed Qetiusk's ghost (journeyman GnFi)
  9993 | D:10     | Noticed a two-headed ogre
  9995 | D:10     | Identified the +4 dire flail "Jedysk" {venom, rElec rF+}
  9995 | D:10     | Noticed a two-headed ogre
 10092 | D:10     | Found a transporter.
 10255 | D:11     | Noticed a two-headed ogre
 10270 | D:11     | Killed a two-headed ogre
 10270 | D:11     | Received a gift from Trog
 10729 | D:11     | Noticed a two-headed ogre
 10733 | D:11     | Killed a two-headed ogre
 11067 | Lair:1   | Entered Level 1 of the Lair of Beasts
 11715 | Lair:1   | Reached XP level 12. HP: 111/112 MP: 11/11
 12020 | Lair:1   | Noticed a six-headed hydra
 12025 | Lair:1   | Killed a six-headed hydra
 12044 | Lair:1   | You fall into a shaft and drop 1 floor!
 12093 | Lair:2   | Noticed a five-headed hydra
 12103 | Lair:2   | Killed a five-headed hydra
 12197 | Lair:2   | Noticed Maggie
 12205 | Lair:2   | Killed Maggie
 12287 | Lair:2   | Noticed a seven-headed hydra
 12297 | Lair:2   | Killed a seven-headed hydra
 12452 | Lair:2   | Found a staircase to the Swamp.
 12745 | Lair:2   | Found a shattered altar of Ashenzari.
 14283 | Lair:3   | Received a gift from Trog
 14286 | Lair:3   | Got a slimy glaive {god gift}
 14287 | Lair:3   | Identified the +0 glaive "Killer Klown's Foe" {vorpal,
                  | *Slow rN++ Dex+4 SInv} (Trog gifted it to you on level 3 of
                  | the Lair of Beasts)
 14314 | Lair:3   | Noticed Rupert
 14326 | Lair:3   | Killed Rupert
 14494 | Lair:3   | Noticed Urug
 14507 | Lair:3   | Killed Urug
 14627 | Lair:3   | You fall into a shaft and drop 3 floors!
 14627 | Lair:6   | Entered Level 6 of the Lair of Beasts
 15614 | Lair:5   | Reached XP level 13. HP: 111/122 MP: 12/12
 18618 | Lair:4   | Found a staircase to the Snake Pit.
 20016 | Lair:6   | Found a staircase to the Slime Pits.
 20036 | Lair:6   | Received a gift from Trog
 21777 | Lair:6   | Found a large runed translucent door.
 21777 | Lair:6   | Found a large runed translucent door.
 22117 | Lair:6   | Noticed a fire dragon
 22317 | Lair:6   | Killed a fire dragon
 22842 | D:12     | Reached XP level 14. HP: 133/133 MP: 13/13
 23205 | D:12     | Found a portal to a secret trove of treasure.
 23423 | D:12     | Found an opulent altar of Gozag.
 25223 | D:13     | Reached skill level 15 in Polearms
 25377 | D:13     | Reached skill level 15 in Fighting
 26131 | D:13     | Found a gate to the Vaults.
 26991 | D:13     | Found Winauptirr's Jewellery Shop.
 27105 | D:13     | Reached skill level 15 in Armour
 27943 | D:14     | Identified Roxanne's Grimoire of Earth
 27943 | D:14     | Noticed Roxanne
 28445 | D:15     | Entered Level 15 of the Dungeon
 29259 | D:15     | Found a stormy altar of Qazlal.
 29259 | D:15     | Found a glowing golden altar of the Shining One.
 29260 | D:15     | Found a stormy altar of Qazlal.
 29693 | D:15     | Reached XP level 15. HP: 129/142 MP: 14/14
 30884 | D:15     | Reached skill level 15 in Dodging
 31714 | D:15     | Noticed a tengu reaver
 32079 | D:15     | Found a staircase to the Depths.
 32180 | D:15     | Noticed a frost giant
 32249 | D:15     | HP: 4/144 [frost giant/bolt of cold (41)]
 32593 | Orc:1    | Entered Level 1 of the Orcish Mines
 32617 | Orc:1    | Found a bloodstained altar of Trog.
 33269 | Orc:2    | Entered Level 2 of the Orcish Mines
 33272 | Orc:2    | Found Jyecw's Book Shop.
 33449 | Orc:2    | Found Dextood's General Store.
 33660 | Orc:2    | Found a staircase to the Elven Halls.
 33660 | Orc:2    | Noticed Sonja
 33670 | Orc:2    | Killed Sonja
 33711 | Orc:2    | Found Ocwymom's Antique Armour Shoppe.
 33713 | Orc:2    | Noticed an orc warlord
 33725 | Orc:2    | Killed an orc warlord
 34304 | Orc:2    | Bought a shiny plate armour for 702 gold pieces
 34658 | Orc:2    | Found Parphax's Antique Weapon Emporium.
 34992 | D:15     | Killed a tengu reaver
 35527 | D:15     | Killed a frost giant
 35944 | D:10     | Killed Qetiusk's ghost
 36337 | Swamp:1  | Entered Level 1 of the Swamp
 36666 | Swamp:1  | Reached skill level 1 in Shields
 36694 | Swamp:1  | Slain by a shambling mangrove

Illustrated notes

Levels and vault maps discovered:
D:1:      dpeg_arrival_solitude, layout_basic
D:2:      layout_loops_ring, led_sif_pool, first_ration,
          grunt_nemelex_the_gamble
D:3:      layout_loops_ring, minmay_misc_feat_rugged, minmay_goblin_outpost,
          uniq_purgy
D:4:      layout_loops_ring, vehumet_altar_wand_db
D:5:      layout_loops_ring, gammafunk_temple_overflow_arena,
          hangedman_decor_opposing
D:6:      layout_rooms, uniq_blork_the_orc
D:7:      layout_rooms, minmay_temple_entry_nine_rooms, gammafunk_ghost_icy,
          serial_shops, shop, uniq_duvessa, uniq_menkaure
D:8:      minmay_the_grid_octo_2x2 [minmay_the_grid_octo_teeth,
          minmay_the_grid_octo_77, minmay_the_grid_octo_clover_2,
          minmay_the_grid_octo_prize_square_snowflake], layout_layer_cave,
          lair_entry_dummy, david_nohive_1, hangedman_decor_push,
          chequers_serial_rivers_micro_e
D:9:      layout_basic
D:10:     layout_rooms, david_orc_5, gammafunk_ghost_smash, serial_undead,
          serial_undead_f, serial_undead_f, serial_undead_b, serial_undead_b,
          serial_shops, shop, uniq_snorg
D:11:     layout_rooms
D:12:     layout_irregular_city, basic_altar, enter_trove_3,
          minmay_shattered_shrine
D:13:     layout_basic, hangedman_vaults_entry_quadrant_bands, serial_shops,
          shop, minivault_7
D:14:     layout_rooms, serial_park_square1 [serial_park_minivault_5x5_7],
          serial_co_window_serial, co_window_cross_1, co_window_paths_b,
          co_window_corner_a, co_window_corner_a, co_window_of_opportunity_a,
          co_window_2corner, co_window_cross_2, co_window_broadway_b,
          co_window_corner_b, co_window_2corner, co_window_unsneaky_path_a,
          glass_columns_a, glass_columns_b, glass_columns_a, glass_columns_a,
          glass_columns_a, uniq_roxanne
D:15:     hangedman_slaughterboxes
Lair:1:   layout_roguey
Lair:2:   layout_roguey, swamp_mist, lemuel_oklob_altar, uniq_maggie
Lair:3:   layout_chaotic_city, uniq_urug, uniq_rupert
Lair:4:   wander_river, layout_loops_ring, guppyfry_snake_entry_island,
          minmay_lair_oklob_chamber
Lair:5:   layout_regular_city, st_stairs_6, infiniplex_staircase_pool_2
Lair:6:   cheibrodos_lair_end_hotspot, layout_gridlike,
          nicolae_slime_entry_slimehenge
Swamp:1:  layout_falls_marsh, serial_swamp_ruin, evilmike_swamp_ruin_house_3,
          evilmike_swamp_ruin_house_1, swamp_pool5,
          nicolae_swamp_very_dense_foliage, uniq_donald
Orc:1:    layout_caves, basic_altar
Orc:2:    grunt_orc_gardens, layout_caves, grunt_orc_garden, grunt_orc_garden,
          grunt_orc_garden, grunt_orc_garden, uniq_sonja

Skill      XL: |  1  2  3  4  5  6  7  8  9 10 11 12 13 14 15 |
---------------+----------------------------------------------+-----
Polearms       | 4 5 6 7 9 10 12 13 14 15 16 | 16.8
Fighting       | 4 5 6 8 9 10 12 13 14 15 16 | 16.7
Dodging        | 3 4 5 6 8 9 11 12 13 14 15 | 15.5
Armour         | 3 4 5 7 8 10 11 13 14 15 16 | 16.5
Shields        | 1 |  1.1
Stealth        | |  0.1

Action                   |  1- 3 |  4- 6 |  7- 9 | 10-12 | 13-15 || total
-------------------------+-------+-------+-------+-------+-------++-------
Melee: Spear             |   151 |   119 |       |       |       ||   270
       Headbutt          |    11 |    23 |    48 |   202 |   379 ||   663
       Trident           |       |    37 |   314 |   870 |  1583 ||  2804
       Double sword      |       |       |       |    31 |       ||    31
Invok: Berserk           |       |     2 |     4 |    12 |    34 ||    52
       Brothers in Arms  |       |       |     3 |     5 |    38 ||    46
Evoke: Wand              |       |       |       |       |     1 ||     1
       Phantom mirror    |       |       |       |       |     1 ||     1
  Use: Scroll            |       |       |    16 |     4 |    31 ||    51
       Potion            |       |       |     2 |       |    11 ||    13
 Stab: Sleeping          |     1 |       |       |       |       ||     1
       Distracted        |       |       |       |       |     2 ||     2
       Invisible         |       |       |       |       |     1 ||     1
  Eat: Ration            |     1 |     2 |     3 |     7 |    20 ||    33
Armor: Animal skin       |    15 |       |       |       |       ||    15
       Ring mail         |       |    27 |       |   247 |   258 ||   532
       Chain mail        |       |       |   164 |    66 |       ||   230
       Plate armour      |       |       |       |       |   278 ||   278
Dodge: Dodged            |    65 |    54 |   153 |   345 |   518 ||  1135
Block: Buckler           |       |     8 |    42 |    11 |       ||    61
       Tower shield      |       |       |       |   438 |   904 ||  1342
       Rpst.: Double sword |       |       |       |     6 |       ||     6

Table legend:
 A = Non-vault XP
 B = Vault XP
 C = Vault XP percentage of total XP
 D = Non-vault monster count
 E = Vault monster count
 F = Vault count percentage of total count
                 A         B        C        D         E       F
            +---------+---------+-------+---------+---------+-------
      Total |   68285 |   81401 |  54.4 |     531 |     291 |  35.4
            +---------+---------+-------+---------+---------+-------
        D:1 |      53 |       0 |   0.0 |      30 |       0 |   0.0
        D:2 |      50 |       0 |   0.0 |      20 |       0 |   0.0
        D:3 |     144 |     147 |  50.5 |      25 |      10 |  28.6
        D:4 |     338 |       2 |   0.6 |      16 |       1 |   5.9
        D:5 |     378 |       0 |   0.0 |      14 |       0 |   0.0
        D:6 |     621 |      70 |  10.1 |      25 |       1 |   3.8
        D:7 |    1359 |     392 |  22.4 |      39 |       3 |   7.1
        D:8 |     599 |    3025 |  83.5 |      18 |      30 |  62.5
        D:9 |    4250 |       0 |   0.0 |      37 |       0 |   0.0
       D:10 |    2323 |    5463 |  70.2 |      37 |      36 |  49.3
       D:11 |    3682 |       0 |   0.0 |      21 |       0 |   0.0
       D:12 |    7280 |    5693 |  43.9 |      36 |      17 |  32.1
       D:13 |    2630 |    6734 |  71.9 |      11 |      38 |  77.6
       D:14 |    5175 |       0 |   0.0 |      23 |       0 |   0.0
       D:15 |     268 |   39221 |  99.3 |       1 |      85 |  98.8
     Lair:1 |    3710 |       0 |   0.0 |      18 |       0 |   0.0
     Lair:2 |    4414 |     884 |  16.7 |      16 |       2 |  11.1
     Lair:3 |    5305 |    2424 |  31.4 |      29 |       2 |   6.5
     Lair:4 |    8180 |     160 |   1.9 |      24 |       1 |   4.0
     Lair:5 |    4760 |     495 |   9.4 |      26 |       1 |   3.7
     Lair:6 |    4437 |    7824 |  63.8 |      15 |      33 |  68.8
    Swamp:1 |    3302 |     396 |  10.7 |       7 |       3 |  30.0
      Orc:1 |    3724 |       0 |   0.0 |      17 |       0 |   0.0
      Orc:2 |    1303 |    8471 |  86.7 |      26 |      28 |  51.9
            +---------+---------+-------+---------+---------+-------
